 Dungeon Crawl Stone Soup version 0.23.0 (webtiles) character file.

Game seed: 5272328925193422037

53 Faca the Fighter (level 3, -2/38 HPs)
             Began as a Gnoll Wanderer on Feb 13, 2019.
             Slain by an orc (4 damage)
             ... on level 3 of the Dungeon.
             The game lasted 00:02:51 (1285 turns).

Faca the Fighter (Gnoll Wanderer)                   Turns: 1285, Time: 00:02:52

Health: -2/38      AC:  2    Str: 12    XL:     3   Next: 87%
Magic:  4/4        EV: 13    Int: 17    God:
Gold:   98         SH:  0    Dex: 14    Spells: 4/4 levels left

rFire    . . .     SeeInvis .   a - +2 dagger
rCold    . . .     Gourm    .   (no shield)
rNeg     . . .     Faith    .   e - +0 robe
rPois    .         Spirit   .   (no helmet)
rElec    .         Reflect  .   (no cloak)
rCorr    .         Harm     .   (no gloves)
MR       .....                  (no boots)
Stlth    +++.......             (no amulet)
HPRegen  0.12/turn              (no ring)
MPRegen  0.09/turn              (no ring)

@: lethally poisoned (-2 -> -17)
A: distributed training, fangs 1, strong nose
a: no special abilities


You were on level 3 of the Dungeon.
You were not hungry.

You visited 1 branch of the dungeon, and saw 3 of its levels.

You collected 98 gold pieces.

Inventory:

Hand Weapons
 a - a +2 dagger (weapon)
 d - a +0 falchion
Missiles
 l - 38 stones (quivered)
Armour
 e - a +0 robe (worn)
Wands
 q - a wand of paralysis (10)
Scrolls
 g - 4 scrolls of immolation {unknown}
 i - a scroll of remove curse {unknown}
 j - 2 scrolls of identify {unknown}
 m - a scroll of teleportation {unknown}
 n - a scroll of enchant weapon {unknown}
 r - a scroll of fog {unknown}
 s - a scroll of random uselessness {unknown}
Potions
 b - a potion of heal wounds
 c - 2 potions of curing
 h - a potion of berserk rage {unknown}
 k - a potion of haste {unknown}
 o - a potion of degeneration {unknown}
 p - 2 potions of flight {unknown}
Comestibles
 f - 3 rations


   Skills:
 + Level 8.5 Fighting
 + Level 1.0 Short Blades
 + Level 2.6 Long Blades
 + Level 1.0 Axes
 + Level 1.0 Maces & Flails
 + Level 1.0 Polearms
 + Level 1.0 Staves
 + Level 1.0 Slings
 + Level 1.0 Bows
 + Level 1.0 Crossbows
 + Level 2.6 Throwing
 + Level 1.0 Armour
 + Level 2.6 Dodging
 + Level 6.0 Stealth
 + Level 1.0 Shields
 + Level 1.0 Unarmed Combat
 + Level 1.0 Spellcasting
 + Level 0.7 Conjurations
 + Level 0.7 Hexes
 + Level 0.7 Charms
 + Level 0.7 Summonings
 + Level 0.7 Necromancy
 + Level 0.7 Translocations
 + Level 0.7 Transmutations
 + Level 0.7 Fire Magic
 + Level 0.7 Ice Magic
 + Level 0.7 Air Magic
 + Level 0.7 Earth Magic
 + Level 0.7 Poison Magic
 + Level 1.0 Invocations
 + Level 1.0 Evocations


You had 4 spell levels left.
You didn't know any spells.
Your spell library was empty.

Dungeon Overview and Level Annotations

Branches:
Dungeon (3/15)

Altars:
Elyvilon
Gozag


Innate Abilities, Weirdness & Mutations

Your experience applies equally to all skills.
You have very sharp teeth.
Your uncanny sense of smell can sniff out nearby items.


Message History

You are too injured to fight recklessly!
You are too injured to fight recklessly!
You hit the orc.
The orc is heavily wounded.
You feel sick. The orc hits you. The orc barely misses you. Something hits you.
You are lethally poisoned!
You closely miss the orc.
The orc is heavily wounded.
You feel sick. The orc hits you.
* * * LOW HITPOINT WARNING * * *
The orc closely misses you.
You hear some strange, mumbled words.
A puff of flame appears from out of thin air!
The puff of flame hits you.
* * * LOW HITPOINT WARNING * * *
You hit the orc but do no damage. You bite the orc, but do no damage.
The orc is heavily wounded.
* * * LOW HITPOINT WARNING * * *
You feel sick. The orc hits you but does no damage. The orc hits you.
You die...

#.# #.#
#.# ###
#∆#<# ...
#.#.##.#
#.#.#....#
#......###
###.#o...#
#.#@##.# #
#o{#...
##.# ...#
.. .#.#
... (.
.### #. ∆
.


You could see 2 orcs.

Vanquished Creatures
  A gnoll (D:1)
  An adder skeleton (D:2)
  A dart slug (D:2)
  2 leopard geckos
  6 bats
  4 giant cockroaches
  4 goblins
  4 hobgoblins
  4 kobolds
  2 ball pythons
  2 frilled lizards
  6 rats
37 creatures vanquished.

Notes
Turn   | Place    | Note
-------+----------+-------------------------------------------
     0 | D:1      | Faca the Gnoll Wanderer began the quest for the Orb.
     0 | D:1      | Faca set off with the following items: a +2 dagger, a
                  | potion of heal wounds, a potion of curing, a +0 falchion, a
                  | +0 robe, a ration
     0 | D:1      | Reached XP level 1. HP: 26/26 MP: 1/1
    62 | D:1      | Reached XP level 2. HP: 26/33 MP: 2/2
   382 | D:1      | Reached XP level 3. HP: 35/38 MP: 3/3
   642 | D:2      | Found a white marble altar of Elyvilon.
   768 | D:2      | Reached skill level 1 in Invocations
   821 | D:2      | Found an opulent altar of Gozag.
  1279 | D:3      | Reached skill level 1 in Short Blades
  1279 | D:3      | Reached skill level 1 in Axes
  1279 | D:3      | Reached skill level 1 in Maces & Flails
  1279 | D:3      | Reached skill level 1 in Polearms
  1279 | D:3      | Reached skill level 1 in Staves
  1279 | D:3      | Reached skill level 1 in Slings
  1279 | D:3      | Reached skill level 1 in Bows
  1279 | D:3      | Reached skill level 1 in Crossbows
  1279 | D:3      | Reached skill level 1 in Armour
  1279 | D:3      | Reached skill level 1 in Shields
  1279 | D:3      | Reached skill level 1 in Unarmed Combat
  1279 | D:3      | Reached skill level 1 in Spellcasting
  1279 | D:3      | Reached skill level 1 in Evocations
  1285 | D:3      | Slain by an orc

Skill      XL: |  1  2  3 |
---------------+----------+-----
Stealth        | 6 |  6.0
Invocations    | 1 |  1.0
Short Blades   | 1 |  1.0
Axes           | 1 |  1.0
Maces & Flails | 1 |  1.0
Polearms       | 1 |  1.0
Staves         | 1 |  1.0
Slings         | 1 |  1.0
Bows           | 1 |  1.0
Crossbows      | 1 |  1.0
Armour         | 1 |  1.0
Shields        | 1 |  1.0
Unarmed Combat | 1 |  1.0
Spellcasting   | 1 |  1.0
Evocations     | 1 |  1.0
Fighting       | |  8.5
Long Blades    | |  2.6
Throwing       | |  2.6
Dodging        | |  2.6
Conjurations   | |  0.7
Hexes          | |  0.7
Charms         | |  0.7
Summonings     | |  0.7
Necromancy     | |  0.7
Translocations | |  0.7
Transmutations | |  0.7
Fire Magic     | |  0.7
Ice Magic      | |  0.7
Air Magic      | |  0.7
Earth Magic    | |  0.7
Poison Magic   | |  0.7

Action                   || total
-------------------------++-------
Melee: Dagger            ||    86
       Falchion          ||     4
       Bite              ||     8
 Stab: Sleeping          ||    12
       Distracted        ||     1
  Eat: Chunk             ||     1
Armor: Robe              ||    18
Dodge: Dodged            ||    59
       Rpst.: Falchion   ||     1
